 Dungeon Crawl Stone Soup version 0.28.0-49-g6dfe1f597d (webtiles) character file.

Game seed: 14088311948138482375

6 pkoi the Insei (level 1, -7/17 HPs)
             Began as a Demigod Gladiator on May 18, 2022.
             Killed by an exploding giant cockroach (23 damage)
             ... ignited by their inner flame
             ... on level 1 of the Dungeon.
             The game lasted 00:00:22 (219 turns).

pkoi the Insei (Demigod Gladiator)                   Turns: 219, Time: 00:00:23

Health: -7/17      AC:  5    Str: 15    XL:     1   Next: 60%
Magic:  3/3        EV: 12    Int: 10    God:
Gold:   0          SH:  0    Dex: 15    Spells: 0/0 levels left

rFire   . . .      SeeInvis .   f - +0 dagger
rCold   . . .      Faith    .   (no shield)
rNeg    . . .      Spirit   .   a - +0 leather armour
rPois   .          Reflect  .   b - +1 helmet
rElec   .          Harm     .   (no cloak)
rCorr   .          Rampage  .   (no gloves)
Will    .....                   (no boots)
Stlth   +.........              (no amulet)
HPRegen 0.05/turn               (no ring)
MPRegen 0.08/turn               (no ring)

@: no status effects
A: high MP 1, forlorn, divine attributes
a: no special abilities


You were on level 1 of the Dungeon.
You visited 1 branch of the dungeon, and saw 1 of its levels.

Inventory:

Hand Weapons
 f - a +0 dagger (weapon)
Missiles
 c - 3 throwing nets (quivered)
Armour
 a - a +0 leather armour (worn)
 b - a +1 helmet (worn)
Potions
 g - a potion of flight {unknown}


   Skills:
 - Level 1.7 Fighting
 - Level 1.7 Throwing
 - Level 2.6 Dodging
 + Level 3.1 Unarmed Combat


You couldn't memorise any spells.
You didn't know any spells.
Your spell library was empty.

Dungeon Overview and Level Annotations

Branches:
Dungeon (1/15)


Innate Abilities, Weirdness & Mutations

You have an increased reservoir of magic. (+10% MP)
You shall have no god before yourself.
Your divine heritage dramatically boosts your attributes as you level up.


Message History

You hit the giant cockroach.
The giant cockroach is almost dead.
The giant cockroach closely misses you. The giant cockroach barely misses you.
You hit the giant cockroach but do no damage.
The giant cockroach is almost dead.
The giant cockroach bites you.
You hit the giant cockroach but do no damage.
The giant cockroach is almost dead.
The giant cockroach bites you.
You hit the giant cockroach but do no damage.
The giant cockroach is almost dead.
The giant cockroach barely misses you.
You closely miss the giant cockroach.
The giant cockroach is almost dead.
The giant cockroach misses you.
You hit the giant cockroach.
You kill the giant cockroach!
No target in view!
No target in view!
No target in view!
No target in view!
No target in view!
A giant cockroach comes into view.
As you read the scroll labelled LIMAUDW YKICSE, it crumbles to dust.
It is a scroll of enchant armour.
Your +0 helmet glows green for a moment.
As you read the scroll labelled YRGHUPR JOIGHUN, it crumbles to dust.
The creatures around you are filled with an inner flame!
It was a scroll of immolation.
You see here a frilled lizard corpse.
The giant cockroach closely misses you.
The giant cockroach bites you but does no damage.
The giant cockroach closely misses you.
You hit the giant cockroach.
Flame seeps out of the giant cockroach.
The giant cockroach is moderately wounded.
The giant cockroach is engulfed in blazing flames.
The giant cockroach explodes!
The fiery explosion engulfs you!!
Ouch! That really hurt!
You die...

♣...# #..........# ♣...#
#..........# .
♣♣...###..........#######...
♣.....##..................##
♣♣......##.##....##...###...#
♣.8..8..8#†####...#.........####
♣♣........'.# #.#...#..........#
♣..<......'.# #.###...###....#..
♣♣........'.# #@#####...........
♣.8..8..8### #○§# #.......#.#.
♣.......## ####.####.####.##.#.
♣......## #..........# #.##...
♣♣....## #..........# #†#....
♣....# #..........# #......
♣♣...# #.........># ##.....
#..........# #..... #..........#
##....


There were no monsters in sight!

Vanquished Creatures
  4 giant cockroaches (D:1)
  A goblin (D:1)
  A frilled lizard (D:1)
6 creatures vanquished.

Notes
Turn   | Place    | Note
-------+----------+-------------------------------------------
     0 | D:1      | pkoi the Demigod Gladiator began the quest for the Orb.
     0 | D:1      | Reached XP level 1. HP: 17/17 MP: 3/3
   115 | D:1      | Reached skill level 3 in Unarmed Combat
   219 | D:1      | Killed by an exploding giant cockroach... ignited by their
                  | inner flame

Illustrated notes

Levels and vault maps discovered:
D:1:      kennysheep_arrival_forest, layout_rooms, serial_shops,
          nicolae_shop_temple_entry_statues_fountains, minmay_domino_2

Skill      XL: |  1 |
---------------+----+-----
Unarmed Combat | 3 |  3.1
Fighting       | |  1.7
Throwing       | |  1.7
Dodging        | |  2.6

Action                   || total
-------------------------++-------
Melee: Dagger            ||    21
       Unarmed           ||    11
       Punch             ||     1
  Use: Scroll            ||     2
Armor: Leather armour    ||     8
Dodge: Dodged            ||    19
